 Dungeon Crawl Stone Soup version 0.23-a0-393-g6e9e0f2 (webtiles) character file.

47203 Amnesiac the Apostle (level 14, -1/104 HPs)
             Began as a Hill Orc Monk on Nov 1, 2018.
             Was a High Priest of Beogh.
             Incinerated by Azrael (4 damage)
             ... with a sticky flame
             ... on level 2 of the Orcish Mines.
             The game lasted 01:01:36 (24052 turns).

Amnesiac the Apostle (Hill Orc Monk)               Turns: 24052, Time: 01:01:36

Health: -1/104     AC: 26    Str: 19    XL:     14   Next: 40%
Magic:  23/28      EV:  9    Int:  8    God:    Beogh [*****.]
Gold:   775        SH:  7    Dex: 13    Spells: 6/13 levels left

rFire    . . .     SeeInvis .   b - +2 demon whip (elec)
rCold    . . .     Gourm    .   J - +2 buckler {rN+}
rNeg     + . .     Faith    +   U - +8 chain mail "Cytwiek" {+Fly Int-2 Slay+3}
rPois    .         Spirit   .   n - +1 helmet
rElec    .         Reflect  .   g - +0 cloak
rCorr    .         Harm     .   D - +1 pair of gloves
MR       ++...                  h - +0 pair of boots
Stlth    ..........             O - amulet of faith
HPRegen  0.27/turn              H - +2 ring of protection
MPRegen  0.21/turn              f - ring of protection from magic

@: liquid flames, glowing
A: walk on water
a: Smiting, Recall Orcish Followers, Give Item to Named Follower, Renounce
Religion, Evoke Flight


You were on level 2 of the Orcish Mines.
You worshipped Beogh.
Beogh was extremely pleased with you.
You were not hungry.

You visited 4 branches of the dungeon, and saw 19 of its levels.
You also visited: Volcano.

You collected 1586 gold pieces.
You spent 811 gold pieces at shops.

Inventory:

Hand Weapons
 a - the +8 whip "Snakebite" {curare, rPois}
   (You found it on level 1 of the Lair of Beasts)

   It poisons the flesh of those it strikes.
   It protects you from poison.
 b - a +2 demon whip of electrocution (weapon)
 y - a +0 demon trident of venom
 L - the +2 dagger of Nuguusu {drain, rF+ Str-4 Stlth+}
   (You found it on level 10 of the Dungeon)

   A truly terrible weapon, it drains the life of those it strikes.
   It affects your strength (-4).
   It protects you from fire.
   It makes you more stealthy.
 R - a +0 hand axe
Armour
 d - a +2 chain mail of fire resistance
 g - a +0 cloak (worn)
 h - a +0 pair of boots (worn)
 n - a +1 helmet (worn)
 D - a +1 pair of gloves (worn)
 J - a +2 buckler of positive energy (worn)
 N - a scarf of repulsion
 Q - a +1 robe of cold resistance
 U - the +8 chain mail "Cytwiek" (worn) {+Fly Int-2 Slay+3}
   (You bought it in a shop on level 5 of the Dungeon)

   It affects your intelligence (-2).
   It affects your accuracy and damage with ranged weapons and melee attacks
   (+3).
   It lets you fly.
 Y - +0 fire dragon scales
 Z - a +2 robe of magic resistance
Jewellery
 f - a ring of protection from magic (right hand)
 i - an uncursed ring of positive energy
 r - an uncursed ring of ice
 H - a +2 ring of protection (left hand)
 I - an uncursed ring of wizardry
 O - an amulet of faith (around neck)
 P - an uncursed ring of see invisible
 V - an uncursed ring of magical power
Wands
 e - a wand of polymorph (8)
 m - a wand of digging (8)
 p - a wand of random effects (8)
 q - a wand of paralysis (15)
 z - a wand of acid (9)
 B - a wand of scattershot (4)
 C - a wand of clouds (2)
 K - a wand of iceblast (4)
Scrolls
 k - 6 scrolls of teleportation {!r}
 s - 3 scrolls of blinking {!r}
 u - 3 scrolls of remove curse {!r}
 v - 2 scrolls of enchant armour {!r}
 w - 4 scrolls of enchant weapon {!r}
 A - 2 scrolls of magic mapping {!r}
 E - 2 scrolls of fear {!r}
 G - 2 scrolls of fog {!r}
 W - a scroll of brand weapon {!r}
Potions
 j - a potion of brilliance {!q}
 l - 4 potions of curing {!q}
 o - 3 potions of might {!q}
 t - 4 potions of agility {!q}
 x - 5 potions of haste {!q}
 F - a potion of flight {!q}
 M - 4 potions of berserk rage {!q}
 S - a potion of invisibility {!q}
 T - a potion of mutation {!q}
 X - a potion of resistance {!q}
Comestibles
 c - 15 rations


   Skills:
 - Level 4.0 Fighting
 - Level 18.0 Axes
 + Level 2.0(10.6) Maces & Flails
 - Level 4.8 Armour
 + Level 3.9 Dodging
 - Level 1.5 Stealth
 - Level 4.2 Shields
 * Level 21.1 Invocations
 - Level 4.0 Evocations


You had 6 spell levels left.
You knew the following spells:

 Your Spells              Type           Power        Failure   Level  Hunger
e - Mephitic Cloud        Conj/Pois/Air  #.......     100%        3    ####...
v - Blink                 Tloc           N/A          100%        2    ###....
z - Swiftness             Chrm/Air       #.......     100%        2    ###....

Your spell library contained the following spells:

 Spells                   Type           Power        Failure   Level  Hunger
 Corona                   Hex            #......      99%         1    ##.....
 Magic Dart               Conj           #...         99%         1    ##.....
 Shock                    Conj/Air       #...         99%         1    ##.....
 Call Imp                 Summ           #.......     100%        2    ###....
 Ensorcelled Hibernation  Hex/Ice        #.....       100%        2    ###....
 Slow                     Hex            #.......     100%        2    ###....
 Confuse                  Hex            #.......     100%        3    ####...
 Conjure Flame            Conj/Fire      #.......     100%        3    ####...
 Dazzling Spray           Conj/Hex       #.....       100%        3    ####...
 Static Discharge         Conj/Air       #.......     100%        3    ####...
 Tukima's Dance           Hex            #.......     100%        3    ####...
 Airstrike                Air            #.........   100%        4    #####..
 Lightning Bolt           Conj/Air       #.........   100%        5    ######.


Dungeon Overview and Level Annotations

Branches:
Dungeon (10/15)            Temple (1/1) D:5            Lair (6/6) D:8
 Shoals (0/4) Lair:2        Snake (0/4) Lair:4        Slime (0/5) Lair:5
    Orc (2/2) D:10            Elf (0/3) Orc:2

Altars:
Fedhas
Hepliaklqana
Makhleb
Nemelex Xobeh
Okawaru
Sif Muna
Trog
Uskayaw
Xom

Shops:
D:4 ?   D:5 [   Orc:2 ?![:

Portals:
Pandemonium: Orc:2


Message History

Aiming: Smiting
Press: ? - help, Dir - move target cursor, f/p - Azrael Smite: Azrael, wielding a glowing scimitar (severely wounded)
You smite Azrael!
Azrael is almost dead.
The orc relaxes its fighting stance and smiles at you.
An orc comes into view. It is wielding a +0 flail.
Azrael gestures at you. The sticky flame hits you!
You are covered in liquid flames!
You are covered in liquid flames!
* * * LOW HITPOINT WARNING * * *
You block the fire elemental's attack. The hell hound closely misses you.
An orc warrior comes into view. It is wielding a +0 glaive.
Azrael gestures at you. The bolt of fire hits you!
* * * LOW HITPOINT WARNING * * *
Found an escape hatch in the ceiling.
You hit Azrael.
Azrael is almost dead.
You are covered in liquid flames!
* * * LOW HITPOINT WARNING * * *
The fire elemental barely misses you.
The hell hound bites you but does no damage.
You hit Azrael but do no damage. Lightning courses through Azrael!
You kill Azrael!
Beogh accepts your kill.
Your base Maces & Flails skill increases to level 2!
Your orc looks more experienced.
Your orc looks more experienced.
Your orc looks more experienced.
Your orc priest looks more experienced.
You are covered in liquid flames!
* * * LOW HITPOINT WARNING * * *
The hell hound bites you but does no damage.
You block the fire elemental's attack.
Your orc knight roars a battlecry!
Your orcs go into a battle-frenzy!
You whack the hell hound!
The hell hound is heavily wounded.
You are covered in liquid flames!
* * * LOW HITPOINT WARNING * * *
The hell hound bites you but does no damage.
The fire elemental hits you.
You whack the hell hound!
Lightning courses through the hell hound!
You kill the hell hound!
Beogh accepts your kill.
You are covered in liquid flames!
* * * LOW HITPOINT WARNING * * *
The orc warrior hits your orc with a +0 glaive.
The fire elemental hits you. The fire elemental burns you!
* * * LOW HITPOINT WARNING * * *
You whack the fire elemental!
The fire elemental is lightly damaged.
You are covered in liquid flames!
* * * LOW HITPOINT WARNING * * *
You are covered in liquid flames!
* * * LOW HITPOINT WARNING * * *
The fire elemental hits you.
Items here: $ )) [ † a glowing scimitar; 67 gold pieces; a +0 dagger; a +1 robe; an orc corpse You are covered in liquid flames!
You die...

##∩.#.....#
..........###.....#..##
.............###∩.#.....#
........<.....# ##...#....
..............#.###....#..
...$...#..........
##...oo.
..#............... ##.o###
........$......... ##.o##
..........@....... ##).#
#......$.)o.....## ##.o
......#..E......# ##.
#......<.o#o.....# ##
##.#............## #
#.............#
#..........oo... ##
#...........o.... #.
.........#...##.. ##


You could see a fire elemental, an orc warrior, a friendly orc knight, a
friendly orc priest and 3 friendly orcs.

Vanquished Creatures
  A stone giant (Volcano)
  Azrael (Orc:2)
  3 hydras
  2 catoblepae (Lair:6)
  A two-headed ogre (D:10)
  6 death yaks
  An orc high priest (Orc:2)
  Sonja (D:10)
  A sixfirhy (Orc:2)
  An orc knight (Orc:2)
  3 oklob plants
  An orc sorcerer (Orc:2)
  A manticore (Lair:6)
  2 black mambas
  A gargoyle (Volcano)
  5 spiny frogs
  A rime drake (Lair:6)
  An efreet (Volcano)
  A komodo dragon (Lair:1)
  A red devil (Orc:2)
  2 polar bears (Lair:5)
  2 blink frogs (Lair:3)
  A dream sheep (Lair:6)
  5 hippogriffs
  31 yaks
  A wyvern (Lair:6)
  3 wraiths (Orc:2)
  A fire bat (Lair:5)
  3 fire elementals
  Menkaure (D:4)
  A warg (Orc:2)
  6 water moccasins
  2 hell hounds
  7 porcupines
  5 orc warriors
  2 ice beasts
  A black bear (D:7)
  2 phantoms
  3 sky beasts
  6 ogres
  A centaur (D:5)
  4 crocodiles
  10 bullfrogs
  An earth elemental (Volcano)
  4 scorpions
  4 wights
  6 killer bees
  An electric eel (Lair:3)
  3 howler monkeys
  6 crimson imps
  3 jellies (D:8)
  A bullfrog zombie (D:8)
  A quasit (D:7)
  A bullfrog skeleton (D:8)
  7 orc priests
  8 hounds
  6 centaur skeletons
  11 orc wizards
  An iguana (D:10)
  Natasha (thrice) (D:4)
  9 worker ants
  3 ogre zombies (D:10)
  A hound zombie (D:6)
  2 hound skeletons (D:7)
  2 worker ant zombies
  5 gnolls
  14 adders
  A shadow imp (D:10)
  5 oozes (D:8)
  An adder skeleton (D:9)
  2 dart slugs
  5 leopard geckos
  21 orcs
  4 bats (D:1)
  5 giant cockroaches
  3 goblins
  3 hobgoblins (D:2)
  10 jackals
  7 kobolds
  2 quokkas
  2 ball pythons
  6 frilled lizards
  6 orc zombies (D:10)
  A quokka skeleton (D:6)
  4 rats
  4 fungi
  A plant (Lair:5)
331 creatures vanquished.

Vanquished Creatures (collateral kills)
  Josephine (Orc:2)
  3 hydras (Lair:6)
  A catoblepas (Lair:6)
  3 orc high priests (Orc:2)
  Urug (Lair:3)
  An infernal demonspawn (Orc:2)
  A torturous demonspawn (Orc:2)
  3 orc knights (Orc:2)
  2 orc sorcerers (Orc:2)
  A manticore (Lair:6)
  7 black mambas
  A gargoyle (D:10)
  8 spiny frogs
  2 rime drakes
  A komodo dragon (Lair:6)
  An ice devil (Orc:2)
  A red devil (Orc:2)
  A polar bear (Lair:5)
  3 trolls (D:10)
  A hippogriff (Lair:5)
  3 blink frogs (Lair:3)
  5 dream sheep (Lair:6)
  2 wraiths (Orc:2)
  2 fire bats (Lair:5)
  24 yaks
  3 fire elementals (Orc:2)
  2 basilisks
  2 hungry ghosts (D:10)
  2 nagas (Lair:4)
  6 water moccasins
  A hell hound (Orc:2)
  4 porcupines
  A sky beast (D:10)
  8 orc warriors (Orc:2)
  A black bear (D:10)
  4 ogres
  5 crocodiles
  3 bullfrogs
  A wyvern skeleton (D:10)
  2 killer bees (D:10)
  A scorpion (D:10)
  A troll zombie (D:10)
  A hound (D:10)
  An orc wizard (Orc:2)
  3 orc priests (Orc:2)
  2 iguanas (D:10)
  A centaur skeleton (D:10)
  A worker ant (D:10)
  2 ogre zombies (D:10)
  2 adders
  5 orcs (Orc:2)
  A goblin skeleton (D:10)
  2 goblin zombies (D:10)
  A hobgoblin skeleton (D:10)
  A hobgoblin zombie (D:10)
  3 orc skeletons (D:10)
  5 orc zombies (D:10)
  A butterfly (Lair:6)
  A fungus (Lair:5)
  A plant (Lair:5)
160 creatures vanquished.

Vanquished Creatures (others)
  An orc warlord (Lair:6)
  2 orc high priests (Orc:2)
  An orc knight (Orc:2)
  3 orc sorcerers (Orc:2)
  4 orc warriors
  8 orc priests
  16 orcs
  3 fungi
  6 plants
44 creatures vanquished.

Grand Total: 535 creatures vanquished

Notes
Turn   | Place    | Note
-------+----------+-------------------------------------------
     0 | D:1      | Amnesiac the Hill Orc Monk began the quest for the Orb.
     0 | D:1      | Reached XP level 1. HP: 19/19 MP: 1/1
   259 | D:2      | Reached XP level 2. HP: 27/27 MP: 2/2
   338 | D:2      | Reached skill level 5 in Axes
   669 | D:3      | Reached XP level 3. HP: 15/33 MP: 3/3
   791 | D:3      | Became a worshipper of Beogh the Brigand
   791 | D:3      | Reached * piety under Beogh
   791 | D:3      | Reached ** piety under Beogh
   971 | D:1      | Reached skill level 1 in Invocations
  1844 | D:2      | Reached skill level 2 in Invocations
  1860 | D:2      | Reached skill level 1 in Armour
  1860 | D:2      | Reached XP level 4. HP: 32/40 MP: 5/5
  2056 | D:3      | Reached skill level 3 in Invocations
  2071 | D:3      | Reached XP level 5. HP: 39/46 MP: 4/7
  2257 | D:3      | Reached skill level 4 in Invocations
  2337 | D:3      | Noticed an ogre
  2343 | D:3      | Killed an ogre
  2343 | D:3      | Reached skill level 5 in Invocations
  2343 | D:3      | Reached XP level 6. HP: 33/52 MP: 5/10
  2475 | D:4      | Reached skill level 6 in Invocations
  2673 | D:5      | Entered Level 5 of the Dungeon
  2948 | D:4      | Reached skill level 7 in Invocations
  2951 | D:4      | Reached XP level 7. HP: 57/59 MP: 8/12
  2958 | D:4      | Noticed Menkaure
  2963 | D:4      | Killed Menkaure
  2963 | D:4      | Reached skill level 8 in Invocations
  3033 | D:4      | Found Tupumool's Magic Scroll Shoppe.
  3049 | D:4      | Bought a scroll of identify for 22 gold pieces
  3049 | D:4      | Bought a scroll of blinking for 82 gold pieces
  3157 | D:4      | Noticed Natasha
  3158 | D:4      | Killed Natasha
  3322 | D:4      | Noticed Natasha
  3323 | D:4      | Killed Natasha
  3481 | D:4      | Noticed Natasha
  3482 | D:4      | Killed Natasha
  3482 | D:4      | Reached skill level 9 in Invocations
  3663 | D:4      | Bought a scroll of enchant weapon for 82 gold pieces
  3708 | D:5      | Found a staircase to the Ecumenical Temple.
  3713 | Temple   | Entered the Ecumenical Temple
  3782 | D:5      | Reached XP level 8. HP: 29/66 MP: 15/15
  3960 | D:5      | Reached skill level 10 in Invocations
  4183 | D:5      | Found a deep blue altar of Sif Muna.
  4221 | D:5      | Found Goudaq's Antique Armour Shoppe.
  4396 | D:5      | Reached skill level 11 in Invocations
  5028 | D:6      | Found a sparkling altar of Nemelex Xobeh.
  5065 | D:6      | Found an iron altar of Okawaru.
  5213 | D:6      | Reached skill level 12 in Invocations
  5214 | D:6      | Reached XP level 9. HP: 44/71 MP: 15/18
  5355 | D:6      | Found a hazy altar of Hepliaklqana.
  5521 | D:6      | Found a burning altar of Makhleb.
  6129 | D:7      | Reached skill level 13 in Invocations
  6278 | D:7      | You fall through a shaft!
  6455 | D:9      | Reached skill level 14 in Invocations
  6864 | D:9      | Reached skill level 10 in Axes
  6864 | D:9      | Reached XP level 10. HP: 54/78 MP: 16/20
  8307 | D:8      | Reached *** piety under Beogh
  8550 | D:8      | Found a staircase to the Lair.
  8557 | D:8      | Got a creamy pearl robe
  8569 | D:8      | Identified the +1 robe of Vouximuu {rPois} (You found it on
                  | level 8 of the Dungeon)
  8748 | D:8      | Found a hide-covered altar of Uskayaw.
  8959 | D:10     | Entered Level 10 of the Dungeon
  9072 | D:5      | Bought a shiny buckler for 150 gold pieces
  9160 | D:10     | Noticed a two-headed ogre
  9175 | D:10     | Killed a two-headed ogre
  9365 | D:10     | Reached XP level 11. HP: 80/84 MP: 21/21
  9601 | D:10     | Reached **** piety under Beogh
  9602 | D:10     | Found a staircase to the Orcish Mines.
  9764 | D:10     | Gained Agrik as an ally
 10110 | D:10     | Noticed Sonja
 10130 | D:10     | Got a crude dagger
 10692 | D:10     | Found a staircase to the Orcish Mines.
 10749 | D:10     | Killed Sonja
 11569 | Lair:1   | Entered Level 1 of the Lair of Beasts
 11737 | D:8      | Identified the +2 dagger of Nuguusu {drain, rF+ Str-4
                  | Stlth+} (You found it on level 10 of the Dungeon)
 11994 | Lair:1   | You fall through a shaft!
 12039 | Lair:2   | Reached skill level 15 in Invocations
 12412 | Lair:1   | Got an ebony short sword
 12529 | Lair:1   | Got an ancient halberd
 12700 | Lair:1   | Found the +8 whip "Snakebite" {curare, rPois}
 12872 | Lair:1   | Identified the +4 short sword of Triumph {pierce, rN+
                  | Dex+3} (You found it on level 1 of the Lair of Beasts)
 12879 | Lair:1   | Identified the +1 halberd "Deosot" {chop, rPois SInv} (You
                  | found it on level 1 of the Lair of Beasts)
 13114 | Lair:2   | Found a blossoming altar of Fedhas.
 13145 | Lair:2   | Found a staircase to the Shoals.
 13166 | Lair:2   | Reached skill level 1 in Evocations
 13658 | Lair:3   | Reached skill level 15 in Axes
 13672 | Lair:3   | Reached skill level 16 in Invocations
 13672 | Lair:3   | Reached XP level 12. HP: 19/91 MP: 21/24
 14403 | Lair:3   | Noticed Urug
 14415 | Lair:3   | Killed Urug
 14717 | Lair:3   | Noticed a seven-headed hydra
 14722 | Lair:3   | Killed a seven-headed hydra
 15529 | Lair:3   | Reached skill level 17 in Invocations
 15851 | Lair:4   | Learned a level 2 spell: Blink
 15893 | Lair:4   | Noticed a seven-headed hydra
 15901 | Lair:4   | Killed a seven-headed hydra
 16035 | Lair:4   | Found a staircase to the Snake Pit.
 16485 | D:5      | Bought a faintly humming chain mail for 190 gold pieces
 16495 | D:5      | Identified the +8 chain mail "Cytwiek" {+Fly Int-2 Slay+3}
                  | (You bought it in a shop on level 5 of the Dungeon)
 17233 | Lair:5   | Learned a level 2 spell: Swiftness
 17280 | Lair:5   | Found a dark tunnel.
 17289 | Volcano  | Entered a volcano
 17311 | Volcano  | Noticed a stone giant
 17322 | Volcano  | Killed a stone giant
 17322 | Volcano  | Reached skill level 18 in Invocations
 17323 | Volcano  | Reached XP level 13. HP: 44/96 MP: 17/26
 17785 | Lair:5   | Found a staircase to the Slime Pits.
 18204 | Lair:6   | Entered Level 6 of the Lair of Beasts
 18433 | Lair:6   | Reached skill level 19 in Invocations
 19657 | Lair:6   | Reached ***** piety under Beogh
 19770 | Lair:6   | Learned a level 3 spell: Mephitic Cloud
 19879 | Lair:6   | Your ally Agrik died
 19935 | Lair:6   | Reached skill level 20 in Invocations
 21644 | Lair:6   | Reached XP level 14. HP: 96/104 MP: 28/28
 21831 | Orc:1    | Entered Level 1 of the Orcish Mines
 22047 | Orc:2    | Entered Level 2 of the Orcish Mines
 22052 | Orc:2    | Noticed Azrael
 22702 | Orc:2    | Noticed Josephine
 22736 | Orc:2    | Killed Josephine
 23012 | Orc:2    | Found a staircase to the Elven Halls.
 23057 | Orc:2    | Found Umezxesmoi's Magic Scroll Emporium.
 23072 | Orc:2    | Gained Alork as an ally
 23098 | Orc:2    | Found Seel's Distillery.
 23874 | Orc:2    | Reached skill level 1 in Maces & Flails
 23874 | Orc:2    | Reached skill level 21 in Invocations
 23886 | Orc:2    | Found Deybbife's Book Boutique.
 23886 | Orc:2    | Found Kuploed's Antique Armour Shop.
 23887 | Orc:2    | Found a one-way gate leading to the halls of Pandemonium.
 23898 | Orc:2    | Bought a faintly humming helmet for 285 gold pieces
 23908 | Orc:2    | Identified the cursed -5 helmet of Catatonia {Dex+3} (You
                  | bought it in a shop on level 2 of the Orcish Mines)
 24047 | Orc:2    | Killed Azrael
 24051 | Orc:2    | HP: 3/104 [burnt (7)]
 24052 | Orc:2    | Incinerated by Azrael

Vault maps used:
D:1:      lemuel_arrival_hallway, minmay_misc_feat_x, minmay_fountain_box
D:2:      first_ration
D:4:      serial_shops, nicolae_shop_stone, nrook_mini_backslash,
          minmay_ruptured, uniq_menkaure, uniq_natasha
D:5:      lemuel_blue_sif_altar, temple_fountains, serial_shops,
          nicolae_shop_overgrown_old_shop, hangedman_decor_points,
          cheibrodos_gnoll_hut
D:6:      makhleb_grotto_becter, lemuel_round_altar, grunt_temple_overflow_open
D:8:      eat_drink_and_be_merry_uskayaw, due_lair_maze_entry_diamond,
          hangedman_little_slice_of_home
D:9:      stair_cage_cross, minmay_statues_item
D:10:     zombieorc1_lemuel, serial_co_window_serial, co_window_paths_b,
          co_window_cross_1, co_window_corner_a, co_window_of_opportunity_a,
          co_window_paths_b, co_window_corner_cb, co_window_cross_3,
          co_window_unsneaky_path_b, co_window_corner_b, co_window_broadway_b,
          glass_columns_a, glass_columns_a, glass_columns_b, glass_columns_a,
          glass_columns_c, wad_dig_loot, uniq_sonja
Temple:   lightli_temple_of_artemis
Lair:1:   minmay_guarded_unrand_snakebite, st_stairs_8,
          infiniplex_staircase_pool_2
Lair:2:   shoals_dummy_entry, basic_altar, minivault_27, minivault_23,
          serial_bayou_shore_b, grunt_megastairs_4
Lair:3:   infiniplex_staircase_pool, uniq_urug
Lair:4:   guppyfry_snake_entry_garden, minivault_24
Lair:5:   dpeg_slime_entry_corner, nicolae_volcano_entry_batcave
Lair:6:   evilmike_catoblepas_cave, lemuel_fruit_fields,
          minmay_lair_oklob_chamber
Orc:2:    pf_orc_diabolical, david_defended_altar_orc, uniq_azrael,
          uniq_josephine
Volcano:  volcano_pools

Skill      XL: |  1  2  3  4  5  6  7  8  9 10 11 12 13 14 |
---------------+-------------------------------------------+-----
Fighting       | 4 |  4.0
Axes           | 5 6 7 10 13 15 16 17 18 | 18.0
Invocations    | 2 3 5 7 9 12 14 16 18 20 21 | 21.1
Armour         | 1 2 3 4 |  4.8
Shields        | 3 4 |  4.2
Evocations     | 2 4 |  4.0
Dodging        | 3 |  3.9
Maces & Flails | 2 |  2.0
Stealth        | |  1.5

Action                   |  1- 3 |  4- 6 |  7- 9 | 10-12 | 13-15 || total
-------------------------+-------+-------+-------+-------+-------++-------
Melee: Hand axe          |   157 |   123 |   628 |       |       ||   908
       Mace              |       |       |    35 |   697 |       ||   732
       Whip              |       |       |       |   133 |       ||   133
       Demon whip        |       |       |       |    77 |   419 ||   496
Invok: Convert to Beogh  |     1 |       |       |       |       ||     1
       Smiting           |       |     5 |    19 |    16 |    10 ||    50
       Recall Orcish Fol |       |       |       |     1 |     4 ||     5
       Give Item to Name |       |       |       |       |     1 ||     1
Evoke: Wand              |       |       |       |     4 |       ||     4
  Use: Scroll            |       |     5 |     8 |     6 |     5 ||    24
       Potion            |       |       |     5 |     1 |     1 ||     7
 Stab: Invisible         |       |       |     3 |       |       ||     3
       Distracted        |       |       |       |     2 |     9 ||    11
  Eat: Chunk             |     3 |     4 |    10 |    23 |     8 ||    48
       Ration            |       |       |     1 |     4 |     4 ||     9
Armor: Plate armour      |   118 |   111 |   517 |   696 |       ||  1442
       Skin              |       |       |    11 |     7 |       ||    18
       Chain mail        |       |       |       |    39 |   202 ||   241
Dodge: Dodged            |    29 |    43 |   197 |   289 |   112 ||   670
Block: Buckler           |       |       |       |   140 |   101 ||   241

Table legend:
 A = Non-vault XP
 B = Vault XP
 C = Vault XP percentage of total XP
 D = Non-vault monster count
 E = Vault monster count
 F = Vault count percentage of total count
                 A         B        C        D         E       F
            +---------+---------+-------+---------+---------+-------
      Total |   34418 |   33016 |  49.0 |     327 |     156 |  32.3
            +---------+---------+-------+---------+---------+-------
        D:1 |      20 |       0 |   0.0 |      13 |       0 |   0.0
        D:2 |      53 |       0 |   0.0 |      18 |       0 |   0.0
        D:3 |     278 |       0 |   0.0 |      17 |       0 |   0.0
        D:4 |     427 |     240 |  36.0 |      18 |       3 |  14.3
        D:5 |     593 |     100 |  14.4 |      13 |       3 |  18.8
        D:6 |    1062 |      48 |   4.3 |      28 |       1 |   3.4
        D:7 |     931 |     304 |  24.6 |      22 |       2 |   8.3
        D:8 |    1365 |     978 |  41.7 |      20 |      15 |  42.9
        D:9 |    1630 |       0 |   0.0 |      28 |       0 |   0.0
       D:10 |    3439 |    1750 |  33.7 |      31 |      31 |  50.0
     Lair:1 |     528 |    1209 |  69.6 |       3 |       9 |  75.0
     Lair:2 |    2276 |     726 |  24.2 |      11 |       4 |  26.7
     Lair:3 |    6727 |     710 |   9.5 |      35 |       1 |   2.8
     Lair:4 |    1816 |     162 |   8.2 |       9 |       2 |  18.2
     Lair:5 |    3829 |    1384 |  26.5 |      21 |       4 |  16.0
     Lair:6 |    8868 |   10272 |  53.7 |      31 |      25 |  44.6
      Orc:1 |     169 |     329 |  66.1 |       2 |       2 |  50.0
      Orc:2 |     407 |   12141 |  96.8 |       7 |      48 |  87.3
    Volcano |       0 |    2663 | 100.0 |       0 |       6 | 100.0
            +---------+---------+-------+---------+---------+-------
